 Dungeon Crawl Stone Soup version 0.24-a0-201-gf205589 (webtiles) character file.

Game seed: 1581676622004267412

502993 tilp the Metallomancer (level 25, -7/171 HPs)
             Began as a Gargoyle Earth Elementalist on Mar 18, 2019.
             Was the Champion of Ashenzari.
             Mangled by a juggernaut (47 damage)
             ... on level 3 of the Depths on Mar 19, 2019.
             The game lasted 05:20:21 (69170 turns).

tilp the Metallomancer (GrEE)                      Turns: 69170, Time: 05:20:22

Health: -7/171     AC: 33    Str: 21    XL:     25   Next: 25%
Magic:  45/45      EV: 20    Int: 36    God:    Ashenzari [******]
Gold:   1467       SH: 14    Dex: 14    Spells: 19/60 levels left

rFire    + + .     SeeInvis +   a - +8 eveningstar (drain) (curse)
rCold    + + .     Gourm    .   Q - +0 shield {reflect} (curse)
rNeg     + + .     Faith    .   o - +3 leather armour {rF+} (curse)
rPois    ∞         Spirit   .   q - +2 hat {Int+3} (curse)
rElec    +         Reflect  +   U - scarf {rC+ rF+} (curse)
rCorr    .         Harm     .   e - +2 pair of gloves {Str+3} (curse)
MR       +....     Clarity  +   L - +2 pair of boots {run} (curse)
Stlth    +++.......             m - amulet of the acrobat (curse)
HPRegen  0.38/turn              g - ring "Jipan" {rC+ Dex+4} (curse)
MPRegen  0.29/turn              k - ring of the Prince {rN+ Str+5 Int+6} (curse)

@: berserk cooldown, flying, slowed, silenced, very slow
A: big wings, negative energy resistance 1, electricity resistance, unbreathing,
petrification resistance, rot immunity, AC +19
}: 2/15 runes: decaying, gossamer
a: Stop Flying, Renounce Religion


You were on level 3 of the Depths.
You worshipped Ashenzari.
Ashenzari was exalted by your worship.
You were not hungry.

You visited 8 branches of the dungeon, and saw 40 of its levels.
You visited the Abyss 3 times.

You collected 5173 gold pieces.
You spent 3706 gold pieces at shops.

Inventory:

Hand Weapons
 a - a cursed +8 eveningstar of draining (weapon)
Missiles
 z - 6 throwing nets
 G - 846 arrows
 W - 7 poisoned javelins (quivered)
Armour
 e - a cursed +2 pair of gloves of strength (worn)
 o - a cursed +3 leather armour of fire resistance (worn)
 q - a cursed +2 hat of intelligence (worn)
 L - a cursed +2 pair of boots of running (worn)
 Q - a cursed +0 shield of reflection (worn)
 U - a cursed scarf of resistance (worn)
Jewellery
 g - the cursed ring "Jipan" (left hand) {rC+ Dex+4}
   (You found it on level 3 of the Depths)

   [ring of protection from cold]

   It affects your dexterity (+4).
   It protects you from cold.
   It has a curse placed upon it.
 k - the cursed ring of the Prince (right hand) {rN+ Str+5 Int+6}
   (You bought it in a shop on level 2 of the Vaults)

   [ring of strength]

   It affects your strength (+5).
   It affects your intelligence (+6).
   It protects you from negative energy.
   It has a curse placed upon it.
 m - a cursed amulet of the acrobat (around neck)
Wands
 j - a wand of digging (15)
 l - a wand of acid (15)
 n - a wand of disintegration (22)
 t - a wand of polymorph (22)
 P - a wand of flame (129)
 T - a wand of iceblast (23)
 X - a wand of enslavement (4)
Scrolls
 d - 10 scrolls of teleportation
 r - 5 scrolls of amnesia
 A - a scroll of vulnerability
 D - 4 scrolls of fog
 E - 6 scrolls of blinking
 F - 19 scrolls of identify
 J - 3 scrolls of magic mapping
 K - a scroll of remove curse
 N - 2 scrolls of silence
 R - 4 scrolls of enchant armour
 Y - a scroll of summoning
 Z - 6 scrolls of fear
Potions
 f - 7 potions of brilliance
 h - 9 potions of curing
 i - 6 potions of invisibility
 p - 6 potions of ambrosia
 s - 8 potions of agility
 w - a potion of heal wounds
 B - a potion of berserk rage
 C - 3 potions of mutation
 H - 5 potions of cancellation
 I - a potion of resistance
 O - 4 potions of might
 V - 5 potions of haste
Miscellaneous
 u - 3 phantom mirrors
 x - a sack of spiders
 y - 3 boxes of beasts
 M - a fan of gales
Comestibles
 c - 47 rations


   Skills:
 + Level 21.1 Fighting
 - Level 11.6(15.8) Maces & Flails
 - Level 9.2(13.5) Dodging
 - Level 2.1(5.5) Stealth
 - Level 13.2(15.8) Shields
 - Level 18.0 Spellcasting
 - Level 10.7(15.0) Conjurations
 - Level 0.7(2.8) Transmutations
 - Level 1.4(4.3) Fire Magic
 - Level 26.2(27) Earth Magic
 - Level 4.1(8.3) Evocations


You had 19 spell levels left.
You knew the following spells:

 Your Spells              Type           Power        Failure   Level  Hunger
b - Passwall              Tmut/Erth      #######.     0%          2    None
c - Stone Arrow           Conj/Erth      ######       0%          3    None
d - Lee's Rapid Deconstr  Erth           ########..   0%          5    None
e - Bolt of Magma         Conj/Fire/Erth #######...   1%          5    None
f - Iron Shot             Conj/Erth      ########..   1%          6    None
g - Apportation           Tloc           #####.       1%          1    None
h - Summon Butterflies    Summ           #####...     1%          1    None
i - Tukima's Dance        Hex            #####...     2%          3    None
j - Ozocubu's Armour      Chrm/Ice       #####...     2%          3    None
k - Mephitic Cloud        Conj/Pois/Air  ######..     1%          3    None
l - Orb of Destruction    Conj           #######...   1%          7    ##.....
m - Sticks to Snakes      Tmut           ######..     1%          2    None

Your spell library contained the following spells:

 Spells                   Type           Power        Failure   Level  Hunger
 Magic Dart               Conj           ####         0%          1    None
 Sandblast                Erth           ######       0%          1    None
 Searing Ray              Conj           ######       0%          2    None
 Beastly Appendage        Tmut           ######       1%          1    None
 Confusing Touch          Hex            #####.       1%          1    None
 Corona                   Hex            #####..      1%          1    None
 Freeze                   Ice            ####         1%          1    None
 Shock                    Conj/Air       ####         1%          1    None
 Sting                    Conj/Pois      ####         1%          1    None
 Summon Small Mammal      Summ           ####         1%          1    None
 Call Imp                 Summ           #####...     1%          2    None
 Ensorcelled Hibernation  Hex/Ice        #####.       1%          2    None
 Poisonous Vapours        Pois/Air       #####.       1%          2    None
 Swiftness                Chrm/Air       #####...     1%          2    None
 Throw Frost              Conj/Ice       ######       1%          2    None
 Dazzling Spray           Conj/Hex       ######       1%          3    None
 Spider Form              Tmut/Pois      #####.....   1%          3    None
 Static Discharge         Conj/Air       ######..     1%          3    None
 Force Lance              Conj/Tloc      ######..     1%          4    None
 Fulminant Prism          Conj/Hex       ######....   1%          4    None
 Iskenderun's Mystic Bla  Conj           #######.     1%          4    None
 Petrify                  Tmut/Erth      #######.     1%          4    None
 Throw Icicle             Conj/Ice       ######..     1%          4    None
 Irradiate                Conj/Tmut      #######...   1%          5    None
 Iskenderun's Battlesphe  Conj/Chrm      ######..     1%          5    None
 Lightning Bolt           Conj/Air       ######....   1%          5    None
 Venom Bolt               Conj/Pois      ######....   1%          5    None
 Call Canine Familiar     Summ           #####...     2%          3    None
 Confuse                  Hex            #####...     2%          3    None
 Lesser Beckoning         Tloc           #####.....   2%          3    None
 Recall                   Summ/Tloc      N/A          2%          3    None
 Summon Guardian Golem    Hex/Summ       #####...     2%          3    None
 Ice Form                 Ice/Tmut       #####...     5%          4    None
 Bolt of Cold             Conj/Ice       ######....   7%          6    None
 Airstrike                Air            #####.....   9%          4    None
 Olgreb's Toxic Radiance  Pois           #####...     9%          4    None
 Summon Ice Beast         Ice/Summ       #####...     9%          4    None
 Summon Lightning Spire   Summ/Air       #####...     9%          4    None
 Blade Hands              Tmut           ######....   10%         5    None
 Alistair's Intoxication  Tmut/Pois      #####...     16%         5    None
 Freezing Cloud           Conj/Ice/Air   ######....   19%         6    None
 Aura of Abjuration       Summ           #####.....   24%         5    None
 Metabolic Englaciation   Hex/Ice        #####.....   24%         5    None
 Summon Demon             Summ           #####.....   24%         5    None
 Summon Forest            Summ/Tloc      #####.....   24%         5    None
 Summon Mana Viper        Hex/Summ       #####...     24%         5    None
 Spellforged Servitor     Conj/Summ      ######....   36%         7    ##.....
 Hydra Form               Tmut           ######....   50%         6    None
 Invisibility             Hex            #####...     80%         6    None
 Ozocubu's Refrigeration  Ice            #####.....   80%         6    None
 Shadow Creatures         Summ           N/A          80%         6    None
 Simulacrum               Ice/Necr       #####.....   80%         6    None
 Dragon Form              Tmut           ######....   97%         7    ##.....
 Statue Form              Tmut/Erth      Unusable     N/A         6    N/A

Dungeon Overview and Level Annotations

Branches:
Dungeon (15/15)            Temple (1/1) D:5            Lair (6/6) D:10
  Swamp (4/4) Lair:3       Spider (4/4) Lair:3        Slime (0/5) Lair:5
    Orc (2/2) D:9             Elf (0/3) Orc:2        Vaults (4/5) D:14
  Crypt (0/3) Vaults:3     Depths (4/5) D:15

Altars:
Ashenzari
Cheibriados
Dithmenos
Elyvilon
Fedhas
Gozag
Hepliaklqana
Kikubaaqudgha
Makhleb
Nemelex Xobeh
Okawaru
Qazlal
Ru
Sif Muna
Trog
Uskayaw
Vehumet
Wu Jian
Xom
Yredelemnul
Zin
The Shining One
Beogh
Jiyva

Shops:
D:5 }   D:7 *   D:14 !?   Orc:1 (   Orc:2 [(:**   Vaults:2 =   Vaults:3 :}}[
Depths:3 [

Portals:
Hell: Depths:1 Depths:2 Depths:3 Depths:4
Abyss: Depths:1 Depths:2 Depths:4
Pandemonium: Depths:2 Depths:3

Annotations:
Depths:3 1 transporter, 1 runed translucent door


Innate Abilities, Weirdness & Mutations

You are resistant to torment.
Your stone body is resilient. (AC +19)
You are immune to poison.
Your large and strong wings let you fly indefinitely.
You resist negative energy. (rN+)
You are resistant to electric shocks. (rElec)
You can survive without breathing.
You are immune to petrification.
You are immune to rotting.


Message History

You drain the juggernaut.
The juggernaut is heavily wounded.
The juggernaut misses you. The juggernaut hits you!
* * * LOW HITPOINT WARNING * * *
The spriggan berserker hits you with a cursed -1 flail.
* * * LOW HITPOINT WARNING * * *
You impale the juggernaut!!
The juggernaut is heavily wounded.
You block the spriggan berserker's attack.
Unknown command.
The juggernaut completely misses you. x2
The spriggan berserker closely misses you.
The spriggan air mage grins.
Things that are here:
a +0 troll leather armour; an iron troll corpse You bludgeon the spriggan berserker!!
The spriggan berserker is severely wounded.
You feel much better.
The stone giant is no longer berserk.
The juggernaut hits you!!!
You die... ##[#...........................## ##...##.######################.#. ...####.# #.## ##.####.# ######### #[.. #.#....# #§#yiCeT#

#.## #.#.##.# ############* #..)
##.#....# ##..C......#y #.##
......#.# ##.)Ci......# ###...
.#.#....######..@###..⌠..#○#y#...
.....##....#y#...#y#$....#####.#.
.#.#.##....###''####$$...##....#.
.....##.....##...## :?(..##....#.
.#.#.##....©##©÷.#W+_[$..##©...#.
.....##.....##...###)((..##....#.
.#.#.##....###++### $$...##......
.....##....#y#...*{ ∆....#####..#
..∩####.######...* ,⌠..#○#y#...


You could see a juggernaut (berserk), a titan, a stone giant, a deep elf
demonologist, a spriggan berserker, 3 moths of wrath, a spriggan air mage and a
deep troll earth mage.

Vanquished Creatures
  2 juggernauts (Depths:2)
  Sojobo (Depths:1)
  Margery (Depths:3)
  2 caustic shrikes
  Saint Roka (Depths:1)
  A profane servitor (Abyss:3)
  A golden dragon (Depths:2)
  Jory (Depths:3)
  Nikola (Depths:1)
  3 bone dragons
  Arachne (Spider:2)
  Jorgrun (D:14)
  2 tentacled monstrosities
  Asterion (Spider:3)
  3 liches
  2 quicksilver dragons
  2 sphinxes (Depths:2)
  Gastronok (Lair:2)
  9 tentacled starspawn
  6 tengu reavers
  The ghost of George the Fighter, an adept MiFi of the Shining One (Swamp:4)
  Agnes (D:14)
  Donald (Spider:3)
  A fire giant (shapeshifter) (Depths:4)
  5 ghost moths
  An iron dragon (Depths:2)
  11 fire giants
  3 deep elf sorcerers
  7 frost giants
  8 vault wardens
  An orc warlord (Orc:1)
  A ghoul (Vaults:3)
  A balrug (Depths:4)
  4 emperor scorpions
  Louise (D:14)
  10 ironheart preservers
  21 stone giants
  A draconian shifter (Abyss:3)
  15 very ugly things
  2 entropy weavers
  An ophan (Abyss:1)
  4 vampire knights
  2 deep elf demonologists
  A dire elephant (Lair:6)
  10 spark wasps
  A crystal guardian (Vaults:4)
  2 deep elf death magi
  10 ettins
  A merfolk impaler (Depths:2)
  16 fire dragons
  7 yaktaur captains
  10 great orbs of eyes
  13 hydras
  A catoblepas (Lair:6)
  7 rakshasas
  9 ice dragons
  Erica (Lair:1)
  6 vault guards
  A death knight (Vaults:3)
  3 spriggan air magi
  The ghost of Nr616 the Thaumaturge, a journeyman SpVM of Gozag (Lair:2)
  2 shambling mangroves
  3 ghost crabs
  14 alligators
  33 two-headed ogres
  5 death yaks (Lair:6)
  3 dancing weapons
  A two-headed ogre (shapeshifter) (Vaults:3)
  8 deep troll shamans
  13 centaur warriors
  7 deep troll earth magi
  9 ogre magi
  5 tengu warriors
  4 vampire magi
  3 thrashing horrors
  3 orc high priests (Orc:2)
  3 spriggan berserkers
  28 hell knights
  6 spriggans
  2 sun demons (Depths:4)
  Nergalle (D:10)
  Urug (Orc:2)
  Sonja (Lair:1)
  A soul eater (Depths:1)
  7 deep elf knights
  6 wretched stars
  4 iron trolls
  10 skeletal warriors
  A salamander mystic (Depths:2)
  A sea snake (shapeshifter) (Depths:4)
  A titan skeleton (Depths:3)
  A fire crab (shapeshifter) (D:15)
  14 deep trolls
  A deep troll (shapeshifter) (Depths:1)
  6 glowing orange brains
  A spriggan druid (Swamp:3)
  10 unseen horrors
  11 swamp dragons
  A flayed ghost (Vaults:3)
  An orange crystal statue (D:11)
  10 necromancers
  A swamp dragon (shapeshifter) (Vaults:1)
  5 deep elf archers
  7 orc knights
  A harpy (shapeshifter) (Vaults:3)
  2 lindwurms (Swamp:4)
  4 wizards
  A wolf spider zombie (D:14)
  5 harpies
  A lindwurm (shapeshifter) (Vaults:4)
  A tengu zombie (Vaults:3)
  22 ugly things
  12 orb spiders
  47 wolf spiders
  12 deep elf magi
  5 orc sorcerers
  2 manticores
  A fire giant zombie (Depths:3)
  14 ironbrand convokers
  4 oklob plants (Lair:5)
  7 cyclopes
  A frost giant zombie (Vaults:3)
  A worldbinder (Abyss:3)
  A moth of wrath (shapeshifter) (Depths:1)
  2 salamanders (Depths:2)
  A moth of wrath (Spider:1)
  A guardian serpent (Abyss:1)
  18 elephants
  A stone giant skeleton (Depths:3)
  Joseph (D:8)
  6 black mambas
  A naga mage (Abyss:1)
  2 orange demons (Abyss:3)
  3 smoke demons
  2 molten gargoyles
  14 vault sentinels
  2 apocalypse crabs (Abyss:3)
  5 rime drakes
  15 spiny frogs
  5 efreet
  A rime drake (shapeshifter) (Depths:1)
  2 kobold demonologists
  31 yaktaurs
  7 komodo dragons
  22 demonic crawlers
  2 ice devils (Lair:2)
  7 freezing wraiths
  5 tengu conjurers
  A golden dragon simulacrum (Depths:3)
  A red devil (Depths:1)
  6 ancient zymes
  2 hellwings
  A merfolk (D:9)
  A queen bee (Depths:2)
  A meliai (shapeshifter) (Vaults:4)
  A polar bear (shapeshifter) (Vaults:3)
  7 trolls
  24 hornets
  52 jumping spiders
  A yaktaur skeleton (Vaults:2)
  A hornet (shapeshifter) (Abyss:3)
  A polar bear (Lair:5)
  11 tyrant leeches
  7 raiju
  45 slime creatures
  2 bog bodies
  14 hippogriffs
  2 human simulacra
  A frost giant simulacrum (Vaults:2)
  6 dream sheep (Lair:6)
  7 blink frogs
  A spectral black mamba (Lair:2)
  5 shadows
  20 tarantellas
  60 redbacks
  44 yaks
  14 starcursed masses
  3 wraiths
  A ynoxinul (Abyss:1)
  4 fire bats (Abyss:1)
  9 wyverns
  11 water elementals (Depths:2)
  A fire elemental (Depths:1)
  10 basilisks
  Grum (Lair:1)
  4 neqoxecs
  3 steam dragons (Swamp:4)
  3 chaos spawn
  A death yak simulacrum (Lair:2)
  2 hungry ghosts
  22 vampire mosquitoes
  15 swamp worms
  A hydra simulacrum (Lair:2)
  Edmund (D:4)
  5 wargs
  An acid dragon (D:12)
  A water moccasin (shapeshifter) (Vaults:1)
  10 large abominations
  13 porcupines
  9 insubstantial wisps (Swamp:2)
  13 water moccasins
  A soldier ant (D:14)
  A spectral torpor snail (Lair:2)
  A hell hound (Lair:5)
  13 swamp drakes
  2 ice beasts
  2 sky beasts
  4 black bears
  34 orc warriors
  A hornet zombie (D:14)
  2 phantoms
  9 small abominations
  26 ogres
  3 boggarts (Vaults:2)
  5 necrophages
  32 wolves
  15 centaurs
  10 crocodiles
  4 big kobolds
  2 elf zombies
  2 gnoll sergeants (D:8)
  3 earth elementals (Abyss:3)
  A glowing shapeshifter simulacrum (Vaults:1)
  A spiny frog simulacrum (Lair:2)
  16 bullfrogs
  A wyvern skeleton (D:9)
  2 water moccasin skeletons
  5 scorpions
  24 killer bees
  11 wights
  6 howler monkeys
  7 electric eels
  12 crimson imps
  A lava snake (Swamp:4)
  3 centaur zombies
  3 quasits
  7 hounds
  21 jellies
  4 human zombies
  3 centaur skeletons
  12 orc priests
  A bullfrog skeleton (D:8)
  2 iron imps
  19 orc wizards
  Ijyb (D:3)
  Jessica (D:3)
  Natasha (thrice) (D:2)
  4 human skeletons
  An iguana (D:6)
  16 worker ants
  Terence (D:2)
  A hound zombie (D:6)
  An ogre skeleton (D:14)
  2 mummies (D:14)
  A howler monkey zombie (D:7)
  16 gnolls
  9 adders
  A shadow imp (D:15)
  2 white imps
  2 ufetubi (Abyss:3)
  3 oozes
  2 adder zombies
  4 worms (D:2)
  2 dart slugs
  5 leopard geckos
  88 orcs
  9 giant cockroaches
  11 goblins
  10 hobgoblins
  8 jackals
  21 kobolds
  3 quokkas
  3 ball pythons
  9 bats
  5 frilled lizards
  An orc zombie (D:14)
  9 rats
  3 fungi
  2 plants
  6 starspawn tentacles
1883 creatures vanquished.

Vanquished Creatures (collateral kills)
  An orc warlord (Orc:2)
  A stone giant (Orc:2)
  An orc high priest (Orc:2)
  An orc warrior (Orc:2)
  4 ogres (Orc:2)
8 creatures vanquished.

Vanquished Creatures (others)
  Mara (Depths:3)
  2 stone giants
  A yaktaur captain (Vaults:2)
  A spectral hydra (Lair:2)
  A lindwurm (Swamp:4)
  A necromancer (Vaults:2)
  7 yaktaurs
  A hellwing (Abyss:3)
  A steam dragon (Swamp:4)
  5 swamp drakes
  3 centaurs
  12 fungi
  6 plants (Lair:5)
  40 starspawn tentacles
82 creatures vanquished.

Grand Total: 1973 creatures vanquished

Notes
Turn   | Place    | Note
-------+----------+-------------------------------------------
     0 | D:1      | tilp the Gargoyle Earth Elementalist began the quest for
                  | the Orb.
     0 | D:1      | Reached XP level 1. HP: 10/10 MP: 3/3
   152 | D:1      | Reached skill level 4 in Earth Magic
   210 | D:1      | Reached XP level 2. HP: 15/15 MP: 3/5
   624 | D:1      | Reached skill level 5 in Earth Magic
   624 | D:1      | Reached XP level 3. HP: 15/19 MP: 4/6
   871 | D:1      | Learned a level 2 spell: Passwall
   875 | D:1      | Learned a level 3 spell: Stone Arrow
   882 | D:2      | Noticed Natasha
   887 | D:2      | Killed Natasha
   887 | D:2      | Reached XP level 4. HP: 22/24 MP: 2/7
   940 | D:2      | Reached skill level 6 in Earth Magic
  1041 | D:2      | Found a faded altar of an unknown god.
  1055 | D:2      | Noticed Natasha
  1060 | D:2      | Killed Natasha
  1075 | D:2      | Reached XP level 5. HP: 25/28 MP: 4/8
  1121 | D:2      | Noticed Terence
  1131 | D:2      | Killed Terence
  1131 | D:2      | Reached skill level 7 in Earth Magic
  1232 | D:2      | Noticed Natasha
  1238 | D:2      | Killed Natasha
  1712 | D:3      | Noticed Jessica
  1715 | D:3      | Killed Jessica
  1715 | D:3      | Reached skill level 8 in Earth Magic
  1715 | D:3      | Reached XP level 6. HP: 27/32 MP: 9/9
  1793 | D:3      | Noticed Ijyb
  2455 | D:4      | Noticed Edmund
  2478 | D:4      | Reached skill level 1 in Fighting
  2656 | D:4      | Killed Edmund
  3213 | D:4      | Reached XP level 7. HP: 42/42 MP: 10/10
  3295 | D:5      | Entered Level 5 of the Dungeon
  3318 | D:5      | Found a staircase to the Ecumenical Temple.
  3335 | Temple   | Entered the Ecumenical Temple
  3492 | Temple   | Became a worshipper of Ashenzari the Shackled
  3976 | D:5      | Found Cusch's Gadget Shop.
  3993 | D:5      | Found a white marble altar of Elyvilon.
  4139 | D:5      | Reached XP level 8. HP: 47/48 MP: 11/11
  4149 | D:5      | Learned a level 5 spell: Lee's Rapid Deconstruction
  4574 | D:6      | Reached skill level 9 in Earth Magic
  4931 | D:3      | Killed Ijyb
  5139 | D:7      | Reached skill level 10 in Earth Magic
  5142 | D:7      | Reached skill level 1 in Evocations
  5325 | D:7      | Reached XP level 9. HP: 46/52 MP: 4/15
  5413 | D:7      | Found an iron altar of Okawaru.
  5694 | D:7      | Found Ruyxoygg's Assorted Antiques.
  5697 | D:7      | Bought a scroll labeled ENKUIH LUDOPN for 25 gold pieces
  5697 | D:7      | Bought a bubbling yellow potion for 22 gold pieces
  5697 | D:7      | Bought a scroll labeled JEIFUU MICW for 25 gold pieces
  5962 | D:8      | Reached * piety under Ashenzari
  6095 | D:8      | Noticed Joseph
  6126 | D:8      | Killed Joseph
  6126 | D:8      | Reached skill level 11 in Earth Magic
  6178 | D:8      | Reached skill level 12 in Earth Magic
  6493 | D:8      | Reached skill level 5 in Fighting
  6659 | D:8      | Reached XP level 10. HP: 41/61 MP: 8/16
  6781 | D:8      | Identified the +0 ring mail "Gomaps" {Int+3 Dex+4}
  7310 | D:9      | Found a staircase to the Orcish Mines.
  7794 | D:9      | Reached skill level 13 in Earth Magic
  8277 | D:10     | Entered Level 10 of the Dungeon
  8344 | D:10     | Noticed Nergalle
  8373 | D:10     | Noticed a spectral orc warlord
  8377 | D:10     | Killed Nergalle
  8377 | D:10     | Reached skill level 14 in Earth Magic
  8533 | D:10     | Found a sacrificial altar of Ru.
  8533 | D:10     | Found a basalt altar of Yredelemnul.
  8533 | D:10     | Noticed a centaur warrior
  8534 | D:10     | Noticed a yaktaur captain
  8536 | D:10     | Noticed a deep troll earth mage
  8541 | D:10     | Killed a centaur warrior
  8541 | D:10     | Reached XP level 11. HP: 62/68 MP: 5/17
  8621 | D:10     | Reached ** piety under Ashenzari
  8716 | D:10     | Reached skill level 15 in Earth Magic
  9170 | D:10     | Reached skill level 5 in Spellcasting
  9264 | D:10     | Found a staircase to the Lair.
  9378 | D:10     | Killed a deep troll earth mage
  9818 | D:10     | Killed a yaktaur captain
 10267 | Lair:1   | Entered Level 1 of the Lair of Beasts
 10386 | Lair:1   | Noticed Sonja
 10388 | Lair:1   | Killed Sonja
 10574 | Lair:1   | Noticed Erica
 10577 | Lair:1   | Killed Erica
 10577 | Lair:1   | Reached XP level 12. HP: 76/76 MP: 8/24
 10907 | Lair:1   | Noticed Grum
 10913 | Lair:1   | Killed Grum
 11196 | Lair:1   | Reached skill level 10 in Fighting
 11705 | Lair:2   | Reached *** piety under Ashenzari
 11858 | Lair:2   | Noticed Gastronok
 11898 | Lair:2   | Found a runed translucent gate.
 11899 | Lair:2   | Found a runed translucent gate.
 11899 | Lair:2   | Found a runed translucent gate.
 11901 | Lair:2   | Noticed Nr616's ghost (journeyman SpVM)
 12297 | Lair:3   | Reached skill level 1 in Maces & Flails
 12367 | Lair:3   | Found a hole to the Spider Nest.
 12393 | Lair:3   | Found a staircase to the Swamp.
 12788 | Lair:3   | Noticed a six-headed hydra
 13023 | Lair:3   | Reached skill level 5 in Dodging
 13604 | Lair:3   | Reached XP level 13. HP: 86/86 MP: 25/25
 14610 | Lair:5   | Identified the cursed +0 robe of Cowardice {rPois rN+}
 14666 | Lair:5   | Reached skill level 10 in Spellcasting
 14845 | Lair:5   | Upgraded the game from 0.24-a0-194-g9bee6eb to
                  | 0.24-a0-201-gf205589
 15700 | Lair:5   | Reached **** piety under Ashenzari
 16143 | Lair:5   | Found a staircase to the Slime Pits.
 16238 | Lair:6   | Entered Level 6 of the Lair of Beasts
 16719 | Lair:6   | Reached skill level 15 in Fighting
 16719 | Lair:6   | Gained mutation: Your large and strong wings let you fly
                  | indefinitely. [Gargoyle growth]
 16719 | Lair:6   | Reached XP level 14. HP: 88/98 MP: 16/28
 17909 | Lair:6   | Learned a level 5 spell: Bolt of Magma
 17916 | Lair:6   | Learned a level 6 spell: Iron Shot
 18535 | Lair:6   | Noticed a dire elephant
 18553 | Lair:6   | Reached skill level 1 in Conjurations
 18641 | Lair:6   | Killed a dire elephant
 18798 | Lair:6   | Identified the +1 chain mail of Nihilism {Str+2}
 19055 | Orc:1    | Entered Level 1 of the Orcish Mines
 19070 | Orc:1    | Noticed a stone giant
 19073 | Orc:1    | Noticed an orc warlord
 19081 | D:9      | Killed a stone giant
 19372 | Orc:1    | Killed an orc warlord
 19515 | D:9      | Paralysed by an orc sorcerer for 5 turns
 19847 | Orc:1    | Found a roughly hewn altar of Beogh.
 20136 | Orc:1    | Found Keteun's Antique Weapon Shop.
 20145 | Orc:1    | Bought a glowing morningstar for 189 gold pieces
 20304 | Orc:2    | Entered Level 2 of the Orcish Mines
 20317 | Orc:2    | Noticed an orc warlord
 20461 | Orc:2    | Found Kyatour's General Store.
 20508 | Orc:2    | Noticed Urug
 20535 | Orc:2    | Killed Urug
 20812 | Orc:2    | Reached skill level 16 in Earth Magic
 20851 | Orc:2    | Found Cukony's General Store.
 20879 | Orc:2    | Bought a scroll of remove curse for 45 gold pieces
 21016 | Orc:2    | Killed an orc warlord
 21061 | Orc:2    | Noticed a stone giant
 21148 | Orc:2    | Killed a stone giant
 21449 | Orc:2    | Reached ***** piety under Ashenzari
 21489 | Orc:2    | Reached skill level 1 in Axes
 21489 | Orc:2    | Reached XP level 15. HP: 103/103 MP: 12/31
 21674 | Orc:2    | Found Kiqe Tio's Book Shop.
 21726 | Orc:2    | Found a staircase to the Elven Halls.
 21966 | Orc:2    | Found Noeckudgh's Antique Weapon Shop.
 21974 | Orc:2    | Bought a faintly glowing morningstar for 315 gold pieces
 21974 | Orc:2    | Identified the cursed +3 morningstar of the Lame Duck
                  | {drain, rElec rF+} (You bought it in a shop on level 2 of
                  | the Orcish Mines)
 21987 | Orc:2    | Found Ewaok's Antique Armour Shoppe.
 22000 | Orc:2    | Bought a jewelled leather armour for 245 gold pieces
 22000 | Orc:2    | Identified the cursed +0 leather armour "Wolu Peh" {rElec
                  | MP+9 Dex+2} (You bought it in a shop on level 2 of the
                  | Orcish Mines)
 22000 | Orc:2    | Bought a pair of scorched boots for 332 gold pieces
 22000 | Orc:2    | Identified the +4 pair of boots of the Hills {Str+5 Dex-5}
                  | (You bought it in a shop on level 2 of the Orcish Mines)
 22000 | Orc:2    | Bought a pair of ichor-stained gloves for 332 gold pieces
 22000 | Orc:2    | Bought a pair of glowing boots for 262 gold pieces
 22000 | Orc:2    | Identified a +2 pair of boots of running (You bought it in
                  | a shop on level 2 of the Orcish Mines)
 22396 | D:11     | Found a blossoming altar of Fedhas.
 23415 | D:12     | Reached skill level 1 in Fire Magic
 23667 | D:12     | Learned a level 1 spell: Apportation
 23669 | D:12     | Learned a level 1 spell: Summon Butterflies
 23673 | D:12     | Learned a level 3 spell: Tukima's Dance
 24072 | D:13     | Found a viscous altar of Jiyva.
 24077 | D:13     | Reached skill level 5 in Maces & Flails
 24174 | D:13     | Learned a level 3 spell: Ozocubu's Armour
 24715 | D:14     | Noticed Agnes
 24718 | D:14     | Killed Agnes
 24718 | D:14     | Reached skill level 1 in Shields
 25019 | D:14     | Noticed Louise
 25426 | D:14     | Noticed Jorgrun
 25431 | D:14     | Killed Jorgrun
 25563 | D:14     | Killed Louise
 25778 | D:14     | Found Qifissi's Magic Scroll Shop.
 25805 | D:14     | Bought a scroll of noise for 18 gold pieces
 25810 | D:14     | Identified a scroll of acquirement
 25829 | D:14     | Identified the +1 pair of gloves of Jigsaw {Str+3 Dex-2
                  | SInv} (You bought it in a shop on level 2 of the Orcish
                  | Mines)
 25936 | D:14     | Found a gate to the Vaults.
 26329 | D:14     | Found Fosek's Distillery.
 26521 | D:14     | Found a basalt altar of Yredelemnul.
 26823 | Lair:2   | Killed Nr616's ghost
 26823 | Lair:2   | Reached skill level 10 in Maces & Flails
 27225 | Lair:2   | Killed Gastronok
 27225 | Lair:2   | Reached XP level 16. HP: 108/108 MP: 1/32
 27310 | Swamp:1  | Entered Level 1 of the Swamp
 27557 | Spider:1 | Entered Level 1 of the Spider Nest
 28423 | Spider:1 | Reached ****** piety under Ashenzari
 28934 | Spider:2 | Identified the +2 leather armour "Exkine" {Regen+ rCorr
                  | Dex-5}
 28975 | Spider:2 | Reached skill level 5 in Conjurations
 30466 | Spider:3 | Noticed Arachne
 30489 | Spider:2 | Killed Arachne
 30773 | Spider:3 | Noticed Asterion
 30913 | Spider:3 | Noticed Donald
 31152 | Spider:3 | Killed Donald
 31361 | Spider:3 | Noticed an Executioner
 31370 | Spider:3 | Killed Asterion
 32531 | Spider:4 | Entered Level 4 of the Spider Nest
 32551 | Spider:4 | Reached XP level 17. HP: 103/117 MP: 14/33
 33329 | Spider:3 | Learned a level 3 spell: Mephitic Cloud
 36016 | Spider:4 | Got a gossamer rune of Zot
 37782 | Swamp:2  | Reached skill level 15 in Spellcasting
 37843 | Swamp:2  | Found a transporter.
 37844 | Swamp:2  | Identified the ring of Lies {rElec rPois SInv}
 37847 | Swamp:2  | Identified the amulet of Miavodiq {Reflect rElec Str+2
                  | SH+2}
 37995 | Swamp:2  | Found a transporter.
 38070 | Swamp:2  | Identified the +3 long sword "Doofisch" {antimagic, rF+
                  | MP+9 Stlth+}
 38091 | Swamp:2  | Reached XP level 18. HP: 125/125 MP: 32/37
 39956 | Swamp:3  | Learned a level 7 spell: Orb of Destruction
 40128 | Swamp:4  | Entered Level 4 of the Swamp
 40292 | Swamp:4  | Reduced skill Axes to level 1
 40315 | Swamp:4  | Reached skill level 10 in Conjurations
 40750 | Swamp:4  | Found a runed translucent door.
 40750 | Swamp:4  | Found a shimmering altar of Xom.
 40750 | Swamp:4  | Noticed George's ghost (adept MiFi)
 41072 | Swamp:4  | Got a decaying rune of Zot
 41360 | Swamp:4  | Reached skill level 5 in Shields
 41937 | Vaults:1 | Entered Level 1 of the Vaults
 42268 | Vaults:1 | Paralysed by a great orb of eyes for 5 turns
 43438 | Vaults:1 | Learned a level 2 spell: Sticks to Snakes
 44423 | Vaults:1 | Reached skill level 10 in Shields
 44541 | Vaults:1 | Reached XP level 19. HP: 130/130 MP: 15/38
 46158 | Vaults:2 | HP: 2/130 [battlesphere[a tengu reaver] (14)]
 46173 | Vaults:2 | Reached XP level 20. HP: 14/136 MP: 17/39
 46708 | Vaults:2 | Reached skill level 17 in Earth Magic
 47558 | Vaults:2 | Cast into level 3 of the Abyss (a deep elf sorcerer)
 47576 | Abyss:3  | Found a transporter.
 47706 | Vaults:2 | Escaped the Abyss
 47956 | Vaults:2 | Found Koyr's Jewellery Boutique.
 48163 | Vaults:2 | Bought the ring of the Prince {rN+ Str+5 Int+6} for 1170
                  | gold pieces
 48961 | Vaults:3 | Found Ekhlaj's Armour Shop.
 49248 | Vaults:3 | Found Heiqum's Gadget Emporium.
 49602 | Vaults:3 | Reached skill level 18 in Earth Magic
 49783 | Vaults:3 | Found Winueb's Book Shop.
 50008 | Vaults:3 | Found Vilica's Gadget Shop.
 50062 | Vaults:3 | Reached XP level 21. HP: 144/144 MP: 12/40
 50437 | Vaults:3 | Found a staircase to the Crypt.
 50839 | Vaults:3 | Reached skill level 19 in Earth Magic
 51349 | Vaults:4 | Paralysed by an ogre mage for 7 turns
 51896 | Vaults:4 | Reached skill level 20 in Earth Magic
 53477 | D:15     | Entered Level 15 of the Dungeon
 54065 | D:15     | Found a staircase to the Depths.
 54269 | D:15     | Reached XP level 22. HP: 152/152 MP: 25/41
 54413 | Depths:1 | Entered Level 1 of the Depths
 54676 | Depths:1 | Noticed Saint Roka
 55226 | Depths:1 | Killed Saint Roka
 56653 | Depths:1 | Found a one-way gate to the infinite horrors of the Abyss.
 56768 | Depths:1 | Noticed Nikola
 56865 | Depths:1 | Noticed Sojobo
 56880 | Depths:1 | Killed Sojobo
 57057 | Depths:1 | Killed Nikola
 57334 | Depths:1 | Found a gateway to Hell.
 57847 | Depths:2 | Found a runed translucent door.
 57885 | Depths:2 | Noticed a golden dragon
 58006 | Depths:2 | Noticed a caustic shrike
 58009 | Depths:2 | Killed a caustic shrike
 58651 | Depths:2 | Reached XP level 23. HP: 116/156 MP: 44/44
 58889 | Depths:2 | Cast into level 3 of the Abyss (a deep elf demonologist)
 59276 | Abyss:3  | Identified the cursed +0 scimitar of Kaupt {distort, Dex+4}
 59453 | Abyss:3  | Reached skill level 21 in Earth Magic
 59978 | Abyss:3  | Found a corrupted altar of Lugonu.
 60040 | Depths:2 | Escaped the Abyss
 60716 | Depths:3 | Reached skill level 22 in Earth Magic
 60788 | Depths:3 | Noticed Jory
 60837 | Depths:3 | Killed Jory
 61148 | Depths:3 | Found Qinoskov's Antique Armour Boutique.
 61189 | Depths:3 | Found a one-way gate leading to the halls of Pandemonium.
 61204 | Depths:3 | Found a transporter.
 61215 | Depths:3 | Identified the ring "Jipan" {rC+ Dex+4}
 62343 | Depths:3 | Noticed Margery
 62351 | Depths:3 | Killed Margery
 62351 | Depths:3 | Reached skill level 23 in Earth Magic
 62552 | Depths:3 | Noticed Mara
 62554 | Depths:3 | Noticed tilp's illusion
 62559 | Depths:3 | Killed Mara
 63059 | Depths:4 | Reached XP level 24. HP: 49/163 MP: 29/45
 63512 | Depths:4 | Reached skill level 24 in Earth Magic
 64247 | Depths:4 | Noticed a caustic shrike
 64270 | Depths:4 | Killed a caustic shrike
 64654 | Depths:4 | Reached skill level 25 in Earth Magic
 64852 | Depths:4 | Voluntarily entered the Abyss.
 65204 | Abyss:1  | Found a viscous altar of Jiyva.
 65871 | Depths:4 | Escaped the Abyss
 66031 | D:14     | Bought a potion of mutation for 96 gold pieces
 66074 | D:14     | Bought a scroll of enchant weapon for 135 gold pieces
 66074 | D:14     | Bought a scroll of enchant weapon for 135 gold pieces
 66074 | D:14     | Bought a scroll of brand weapon for 360 gold pieces
 66602 | Swamp:4  | Killed George's ghost
 66876 | Lair:5   | Reached skill level 26 in Earth Magic
 67291 | Depths:2 | HP: 6/163 [frost giant/+2 battleaxe of freezing (18)]
 67291 | Depths:2 | HP: 1/163 [frost giant/+2 battleaxe of freezing (5)]
 67839 | Depths:2 | Noticed a juggernaut
 67857 | Depths:2 | Killed a juggernaut
 68200 | Depths:2 | Reached XP level 25. HP: 146/168 MP: 11/45
 68359 | Depths:2 | Identified the amulet "Xouw" {*Corrode +Fly Regen+ Dex+8}
 68698 | Depths:2 | Noticed a juggernaut
 68707 | Depths:2 | Killed a juggernaut
 68938 | Depths:2 | Identified the +1 cloak of Snakes and Ladders {rElec Regen+
                  | Stlth+}
 68945 | Depths:2 | Identified the Grimoire of Ensnaring Aid
 69082 | Depths:3 | Noticed a juggernaut
 69128 | Depths:3 | Found a transporter.
 69128 | Depths:3 | Found a runed translucent door.
 69128 | Depths:3 | Found a bloodstained altar of Trog.
 69129 | Depths:3 | Found the cursed necklace of Bloodlust {*Rage +Rage MR++
                  | Int-3 Slay+6 *Curse}
 69170 | Depths:3 | Mangled by a juggernaut

Levels and vault maps discovered:
D:1:      tarquinn_simple_flora_water_e, layout_loops_ring, minmay_3d_cube
D:2:      layout_rooms, chequers_ecumenical_altar_simple_redux, uniq_natasha,
          uniq_terence
D:3:      layout_loops_ring, first_ration, corner_web_ring, uniq_ijyb,
          uniq_jessica
D:4:      layout_basic, uniq_edmund
D:5:      layout_loops_ring, minmay_temple_entry_junction_2, serial_shops, shop,
          elyvilon_altar_3
D:6:      layout_loops_cross
D:7:      layout_loops_corners, serial_shops, kennysheep_mini_moat,
          okawaru_ov_weapons_minmay
D:8:      layout_gridville, uniq_joseph
D:9:      layout_basic, david_orc_2, hangedman_fish_farm, grunt_decor_one_mirror
D:10:     layout_gridville, david_lair_generic, jmf_multi_god_temple,
          uniq_nergalle
D:11:     layout_gridville, basic_altar, kennysheep_nub, minivault_16
D:12:     layout_grid_maze
D:13:     layout_small_grid, jiyva_altar_1
D:14:     layout_loops_ring, erik_vaults_1, serial_shops,
          nicolae_shop_statue_plus, shop, lemuel_mausoleum_altar_yredelemnul,
          uniq_agnes, uniq_louise, uniq_jorgrun
D:15:     grunt_enter_depths_giant_problem, layout_grid_maze,
          hangedman_abyss_or_decor_slice, minmay_misc_feat_room
Temple:   kilobyte_greek_temple
Lair:1:   layout_chaotic_city, lemuel_fruit_fields, grunt_megastairs_1,
          uniq_grum, uniq_sonja, uniq_erica
Lair:2:   layout_gridlike, gammafunk_ghost_necromancy,
          portal_ice_cave_demonic_guard, uniq_gastronok
Lair:3:   layout_roguey, minmay_swamp_entry_eels,
          nicolae_spider_entry_orb_guardian, grunt_forest_large_clearings,
          lemuel_fruit_fields
Lair:4:   layout_cave_shapes, eino_small_chamber_without_monster,
          lemuel_fruit_fields, infiniplex_staircase_pool
Lair:5:   layout_roguey, minmay_slime_entry_jelly_boxes, special_room
          [special_room_mythical_zoo], minivault_23, minmay_lair_oklob_chamber
Lair:6:   grunt_lair_end_beastmaster, layout_gridlike,
          chequers_serial_rivers_room_a, chequers_serial_rivers_small_b,
          chequers_serial_rivers_room_b, grunt_megastairs_4
Swamp:1:  layout_falls_marsh, evilmike_swamp_ruin_house_6, swamp_pool5
Swamp:2:  gammafunk_its_a_trap, layout_basic_swamp, evilmike_swamp_ruin_house_2,
          swamp_pool1
Swamp:3:  layout_basic_swamp, serial_swamp_ruin, hangedman_swamp_ruin_hall,
          hangedman_swamp_ruin_wall, evilmike_swamp_ruin_house_1, swamp_pool2,
          hangedman_swamp_blocks
Swamp:4:  swamp_fiery, layout_basic_swamp, ebering_ghost_xom
Spider:1: layout_chambers, nicolae_spider_webbed_stairs
Spider:2: layout_spider_delve, nicolae_spider_cling_halls,
          hangedman_spider_tarantella_strand
Spider:3: layout_spider_delve, nicolae_crawler_farm, nicolae_spider_cling_ruins,
          uniq_arachne, uniq_donald, uniq_asterion
Spider:4: grunt_spider_rune_parallel
Orc:1:    layout_caves, enter_bailey_3, basic_altar, serial_shops, shop
Orc:2:    grunt_orc_gardens, layout_caves, grunt_orc_garden, grunt_orc_garden,
          grunt_orc_garden, grunt_orc_garden, serial_shops,
          nicolae_shop_behind_doors, uniq_urug
Vaults:1: ontoclasm_vaults_spin, nicolae_vaults_stairing_the_circle,
          ontoclasm_vaults_ring_square, vaults_standard_mumra_x,
          vaults_room_pools, v_pattern_4, nicolae_vaults_border_crossing,
          nicolae_vaults_little_squares_1, layout_vaults_chaotic_city
Vaults:2: nicolae_vaults_octagons, vaults_room_boxed,
          nicolae_vaults_inception_statues, nicolae_vaults_little_squares_4,
          vaults_room_large_hall, nicolae_vaults_little_squares_5,
          vaults_standard_mumra_lines, v_misc_8, vaults_dpeg_ring, v_misc_27,
          ontoclasm_vaults_chip, v_alt_pattern_1, layout_vaults_omnibox,
          serial_shops, nicolae_shop_statue_plus
Vaults:3: v_misc_3, nicolae_vaults_twisting_passages, grunt_vaults_diagonal,
          nicolae_vaults_disjoint_gnomons, vaults_room_grunt_arrival_ludios,
          vaults_room_door_hall, ontoclasm_vaults_loading_screen,
          nicolae_vaults_little_ls, minmay_crypt_entry_simple_statues,
          v_misc_22, v_misc_23, nicolae_vaults_sealed_display,
          nicolae_vaults_ring_of_whatevers, layout_vaults_omnicross,
          serial_shops, nicolae_shop_crystal, shop,
          nicolae_shop_window_shopping, shop
Vaults:4: vaults_room_stairs_pillars, nicolae_vaults_disjoint_gnomons,
          v_misc_27, nicolae_vaults_circle_grid_a,
          nicolae_vaults_big_angled_halls, ontoclasm_vaults_hangar,
          ontoclasm_vaults_ring_small, vaults_room_grid,
          nicolae_vaults_mini_display_case, grunt_vaults_hallway_long,
          vaults_room_fancy_cross, vaults_room_hangedman_quadrants,
          vaults_room_grid, layout_vaults_maze_snakey
Depths:1: layout_basic, hangedman_abyss_entry_splay, hellmouth_1,
          hangedman_decor_cross_pass, grunt_ministairs_15, kennysheep_two_boxes,
          uniq_nikola, uniq_saint_roka, uniq_sojobo
Depths:2: box_level_dp, pan_entry, abyss_entry, hell_entry
Depths:3: emtedronai_trogs_sanctum, layout_basic, serial_shops,
          nicolae_shop_behind_doors, hell_entry, serial_co_window_serial,
          co_window_corner_a, co_window_of_opportunity_a, co_window_corner_a,
          co_window_paths_a, co_window_paths_b, co_window_paths_b,
          co_window_paths_b, co_window_corner_a, co_window_cross_1,
          co_window_broadway_a, co_window_2corner, co_window_2corner,
          co_window_2corner, co_window_corner_b, co_window_paths_e,
          glass_columns_c, glass_columns_b, glass_columns_c, glass_columns_b,
          glass_columns_a, pan_entry, uniq_jory, uniq_margery, uniq_mara
Depths:4: minmay_open_boxes_in_corner, layout_basic, lightli_too_deep,
          abyss_entry, hangedman_abyss_or_decor_jellyfish_corner,
          infiniplex_staircase_pool_2, roderic_lattice_octagonal_star
Abyss:1
Abyss:3:  dshaligram_kb_abyss_rune_zappy_water_cross

Skill      XL: |  1  2  3  4  5  6  7  8  9 10 11 12 13 14 15 16 17 18 19 20 21 22 23 24 25 |
---------------+----------------------------------------------------------------------------+-----
Earth Magic    | 4 5 6 8 10 12 14 15 16 18 20 23 26 | 26.2
Fighting       | 3 4 6 8 9 12 15 17 18 19 20 21 | 21.1
Dodging        | 4 6 8 9 |  9.2
Spellcasting   | 4 8 10 12 15 17 18 | 18.0
Evocations     | 2 4 |  4.1
Maces & Flails | 4 10 11 | 11.6
Conjurations   | 3 4 5 6 10 | 10.7
Axes           | 1 3 0 |  0.0
Fire Magic     | 1 |  1.4
Shields        | 2 10 13 | 13.2
Stealth        | |  2.1
Transmutations | |  0.7

Action                   |  1- 3 |  4- 6 |  7- 9 | 10-12 | 13-15 | 16-18 | 19-21 | 22-24 | 25-27 || total
-------------------------+-------+-------+-------+-------+-------+-------+-------+-------+-------++-------
Melee: Unarmed           |     6 |       |       |       |       |       |       |       |       ||     6
       Mace              |    31 |   137 |       |       |       |       |       |       |       ||   168
       Flail             |       |     8 |   383 |   590 |   451 |       |       |       |       ||  1432
       Battleaxe         |       |       |       |       |    26 |       |       |       |       ||    26
       Morningstar       |       |       |       |       |   404 |  1187 |     5 |       |       ||  1596
       Eveningstar       |       |       |       |       |       |       |   666 |  1304 |    93 ||  2063
Throw: Stone             |       |       |       |     1 |       |       |       |       |       ||     1
       Tomahawk          |       |       |       |       |     4 |     9 |     1 |     1 |       ||    15
       Javelin           |       |       |       |       |       |       |       |     1 |     1 ||     2
 Cast: Sandblast         |    27 |    27 |    22 |    79 |   100 |    17 |       |       |       ||   272
       Lee's Rapid Decon |       |       |    19 |    66 |   174 |   183 |   134 |   227 |    20 ||   823
       Stone Arrow       |       |       |     5 |    13 |    40 |    36 |     1 |       |       ||    95
       Passwall          |       |       |       |     1 |       |     4 |     6 |     6 |       ||    17
       Iron Shot         |       |       |       |       |    20 |    40 |     8 |    81 |     2 ||   151
       Bolt of Magma     |       |       |       |       |    19 |   104 |    23 |    20 |       ||   166
       Ozocubu's Armour  |       |       |       |       |     4 |       |     1 |     5 |     1 ||    11
       Summon Butterflie |       |       |       |       |     3 |       |       |       |       ||     3
       Mephitic Cloud    |       |       |       |       |       |     3 |       |       |       ||     3
       Sticks to Snakes  |       |       |       |       |       |       |       |     5 |       ||     5
Invok: Curse Item        |       |       |     2 |       |     5 |       |     3 |     5 |       ||    15
       Scrying           |       |       |       |       |       |     2 |     1 |       |     1 ||     4
       Transfer Knowledg |       |       |       |       |       |     1 |       |       |       ||     1
 Abil: Fly               |       |       |       |       |       |     1 |       |       |       ||     1
Evoke: Wand              |       |       |       |     4 |     7 |    10 |     4 |    12 |     3 ||    40
       Box of beasts     |       |       |       |       |     2 |     2 |       |       |       ||     4
       Phantom mirror    |       |       |       |       |       |     1 |       |       |       ||     1
  Use: Scroll            |       |    11 |     9 |     8 |    13 |     4 |     9 |    20 |       ||    74
       Potion            |       |       |     2 |       |     2 |     3 |     7 |     4 |     2 ||    20
 Stab: Sleeping          |       |     4 |     2 |     2 |     4 |     1 |     2 |     3 |       ||    18
       Distracted        |       |       |       |     1 |       |     1 |     1 |       |       ||     3
       Confused          |       |       |       |       |       |     2 |       |       |       ||     2
  Eat: Chunk             |       |     7 |    16 |    32 |    63 |    32 |    21 |    30 |     3 ||   204
       Ration            |       |       |     1 |     3 |     5 |    12 |     3 |     4 |       ||    28
Armor: Robe              |    11 |    72 |       |       |       |       |       |       |       ||    83
       Leather armour    |       |     5 |   254 |   508 |   588 |   980 |   233 |   419 |    20 ||  3007
Dodge: Dodged            |    36 |   125 |   369 |   761 |   737 |  1067 |   326 |   604 |    38 ||  4063
Block: Buckler           |       |       |       |       |    30 |   316 |       |       |       ||   346
       Shield            |       |       |       |       |       |       |   404 |   771 |    41 ||  1216
       Reflection        |       |       |       |       |       |       |    34 |    54 |     3 ||    91

Table legend:
 A = Non-vault XP
 B = Vault XP
 C = Vault XP percentage of total XP
 D = Non-vault monster count
 E = Vault monster count
 F = Vault count percentage of total count
                 A         B        C        D         E       F
            +---------+---------+-------+---------+---------+-------
      Total |  559872 |  354853 |  38.8 |    1364 |     536 |  28.2
            +---------+---------+-------+---------+---------+-------
        D:1 |      39 |       6 |  13.3 |      22 |       5 |  18.5
        D:2 |     176 |      69 |  28.2 |      30 |       2 |   6.2
        D:3 |      28 |      75 |  72.8 |      13 |       2 |  13.3
        D:4 |     105 |     158 |  60.1 |      10 |       1 |   9.1
        D:5 |     586 |       0 |   0.0 |      21 |       0 |   0.0
        D:6 |     778 |       0 |   0.0 |      21 |       0 |   0.0
        D:7 |     895 |       0 |   0.0 |      21 |       0 |   0.0
        D:8 |    2234 |     455 |  16.9 |      52 |       1 |   1.9
        D:9 |    4347 |     336 |   7.2 |      33 |       9 |  21.4
       D:10 |    3105 |    4943 |  61.4 |      44 |       9 |  17.0
       D:11 |    4570 |     677 |  12.9 |      22 |       1 |   4.3
       D:12 |    1955 |       0 |   0.0 |      20 |       0 |   0.0
       D:13 |    5566 |     408 |   6.8 |      25 |       4 |  13.8
       D:14 |   20853 |   12403 |  37.3 |      50 |      24 |  32.4
       D:15 |   18545 |    4305 |  18.8 |      41 |       4 |   8.9
     Lair:1 |    1736 |    2435 |  58.4 |       7 |       7 |  50.0
     Lair:2 |    5316 |    5862 |  52.4 |      28 |      15 |  34.9
     Lair:3 |    2543 |    3575 |  58.4 |      13 |      28 |  68.3
     Lair:4 |    5956 |     731 |  10.9 |      25 |       5 |  16.7
     Lair:5 |    5069 |    9103 |  64.2 |      14 |      40 |  74.1
     Lair:6 |   10374 |   10964 |  51.4 |      34 |      20 |  37.0
    Swamp:1 |   11100 |     217 |   1.9 |      27 |       3 |  10.0
    Swamp:2 |   10760 |    5103 |  32.2 |      35 |       7 |  16.7
    Swamp:3 |    9128 |       0 |   0.0 |      20 |       0 |   0.0
    Swamp:4 |    7890 |   17890 |  69.4 |      20 |      28 |  58.3
   Spider:1 |   12850 |       0 |   0.0 |      34 |       0 |   0.0
   Spider:2 |   12085 |    3423 |  22.1 |      31 |       2 |   6.1
   Spider:3 |   19992 |    8230 |  29.2 |      60 |      13 |  17.8
   Spider:4 |   15220 |   24886 |  62.1 |      43 |      48 |  52.7
      Orc:1 |    2691 |     594 |  18.1 |      29 |       4 |  12.1
      Orc:2 |    2856 |    9906 |  77.6 |       8 |      27 |  77.1
   Vaults:1 |   20234 |   11106 |  35.4 |      43 |      17 |  28.3
   Vaults:2 |   23585 |   35862 |  60.3 |      41 |      49 |  54.4
   Vaults:3 |   29363 |   25441 |  46.4 |      53 |      30 |  36.1
   Vaults:4 |   43337 |   10717 |  19.8 |      57 |      14 |  19.7
   Depths:1 |   50659 |   21813 |  30.1 |      57 |      25 |  30.5
   Depths:2 |   22303 |   79564 |  78.1 |      35 |      66 |  65.3
   Depths:3 |   39285 |   22934 |  36.9 |      49 |      12 |  19.7
   Depths:4 |   55195 |   14968 |  21.3 |      63 |      11 |  14.9
    Abyss:1 |   30551 |    5694 |  15.7 |      50 |       3 |   5.7
    Abyss:3 |   46012 |       0 |   0.0 |      63 |       0 |   0.0
            +---------+---------+-------+---------+---------+-------
